 Dungeon Crawl Stone Soup version 0.28-a0-1560-g060a6a1bfc (webtiles) character file.

Game seed: 3704235983052437498

58 BritishOli the Slasher (level 3, -4/28 HPs)
             Began as a Demonspawn Gladiator on Jan 19, 2022.
             Slain by a gnoll (5 damage)
             ... on level 2 of the Dungeon.
             The game lasted 00:01:08 (1190 turns).

BritishOli the Slasher (Demonspawn Gladiator)       Turns: 1190, Time: 00:01:09

Health: -4/28      AC: 10    Str: 16    XL:     3   Next: 76%
Magic:  3/3        EV: 12    Int:  9    God:
Gold:   71         SH:  0    Dex: 14    Spells: 2/2 levels left

rFire   . . .      SeeInvis .   a - +0 long sword
rCold   . . .      Faith    .   (no shield)
rNeg    . . .      Spirit   .   b - +0 leather armour
rPois   .          Reflect  .   c - +0 helmet
rElec   .          Harm     .   (no cloak)
rCorr   .          Rampage  .   (no gloves)
Will    .....                   (no boots)
Stlth   +.........              (no amulet)
HPRegen 0.09/turn               (no ring)
MPRegen 0.08/turn               (no ring)

@: sanguine armoured
A: sanguine armour 1
a: no special abilities


You were on level 2 of the Dungeon.
You visited 1 branch of the dungeon, and saw 2 of its levels.

You collected 71 gold pieces.

Inventory:

Hand Weapons
 a - a +0 long sword (weapon)
Missiles
 d - 4 throwing nets (quivered)
Armour
 b - a +0 leather armour (worn)
 c - a +0 helmet (worn)
Scrolls
 e - a scroll of teleportation {unknown}
 g - a scroll of vulnerability {unknown}
Potions
 f - a potion of attraction {unknown}


   Skills:
 * Level 2.8 Fighting
 * Level 3.3 Long Blades
 - Level 2.0 Throwing
 + Level 0.7 Armour
 + Level 3.0 Dodging


You had 2 spell levels left.
You didn't know any spells.
Your spell library was empty.

Dungeon Overview and Level Annotations

Branches:
Dungeon (2/15)

Altars:


Innate Abilities, Weirdness & Mutations

When seriously injured, your blood forms armour. (AC +6)


Message History

There are monsters nearby!
You closely miss the gnoll. The gnoll hits you with a +0 whip.
The gnoll closely misses you.
The gnoll shouts!
You slash the gnoll!
The gnoll is heavily wounded.
The gnoll hits you with a +0 whip.
A gnoll comes into view. It is wielding a +0 flail.
You hit the gnoll.
The gnoll is severely wounded.
The gnoll hits you with a +0 whip!
Your blood congeals into armour.
The gnoll barely misses you.
You are too injured to fight recklessly!
You slash the gnoll!
You kill the gnoll!
The gnoll hits you but does no damage.
You closely miss the gnoll. The gnoll hits you but does no damage.
The gnoll barely misses you.
You barely miss the gnoll. The gnoll hits you with a +0 flail.
* * * LOW HITPOINT WARNING * * *
The gnoll hits you but does no damage. The gnoll hits you with a +0 flail.
* * * LOW HITPOINT WARNING * * *
You closely miss the gnoll. The gnoll barely misses you.
The gnoll hits you with a +0 club.
* * * LOW HITPOINT WARNING * * *
You hit the gnoll.
The gnoll is heavily wounded.
The gnoll barely misses you. The gnoll misses you.
You hit the gnoll.
The gnoll is severely wounded.
The gnoll barely misses you. The gnoll closely misses you.
The gnoll barely misses you.
You hit the gnoll.
The gnoll is almost dead.
The gnoll hits you with a +0 flail.
* * * LOW HITPOINT WARNING * * *
The gnoll misses you. The gnoll hits you with a +0 club.
* * * LOW HITPOINT WARNING * * *
The gnoll hits you with a +0 flail.
You die...

.# #.# .. #.. .#
#g# ..#.# #.#.#
#####.#.####
.........gg#
.......g##@#
.........#g#
....)......# #
#######..###.#
.).##......#
...#...####
#..#...#
#.#######..#...####
#.......#..#......#


You could see 3 gnolls.

Vanquished Creatures
  A gnoll (D:2)
  A dart slug (D:1)
  2 ball pythons (D:1)
  An endoplasm (D:1)
  4 giant cockroaches
  7 goblins (D:1)
  6 hobgoblins
  4 jackals (D:1)
  2 quokkas (D:1)
  3 bats
  3 frilled lizards (D:1)
  3 kobolds
  2 rats (D:1)
39 creatures vanquished.

Notes
Turn   | Place    | Note
-------+----------+-------------------------------------------
     0 | D:1      | BritishOli the Demonspawn Gladiator began the quest for the
                  | Orb.
     0 | D:1      | Reached XP level 1. HP: 16/16 MP: 1/1
   296 | D:1      | Found a faded altar of an unknown god.
   300 | D:1      | Gained mutation: When seriously injured, your blood forms
                  | armour. (AC +6) [demonic ancestry]
   300 | D:1      | Reached XP level 2. HP: 22/22 MP: 2/2
   565 | D:1      | Reached XP level 3. HP: 28/28 MP: 3/3
  1190 | D:2      | HP: 1/28 [gnoll (2)]
  1190 | D:2      | Slain by a gnoll

Illustrated notes

Levels and vault maps discovered:
D:1:      dpeg_arrival_arbitrary_a, layout_basic,
          hellmonk_ecumenical_altar_zigzags, serial_park_tiny_pond
D:2:      layout_basic, minivault_23, minmay_pentomino_pile, uniq_natasha,
          uniq_jessica

Skill      XL: |  1  2  3 |
---------------+----------+-----
Throwing       | 2 |  2.0
Long Blades    | 3 |  3.3
Dodging        | 3 |  3.0
Fighting       | |  2.8
Armour         | |  0.7

Action                   || total
-------------------------++-------
Melee: Long sword        ||   105
 Stab: Sleeping          ||     1
Armor: Leather armour    ||    46
Dodge: Dodged            ||   110

Table legend: (Time is in decaauts)
 A = Elapsed time spent in this place.
 B = Non-inter-level travel time spent in this place.
 C = Inter-level travel time spent in this place.
 D = Time resting spent in this place.
 E = Time spent auto-exploring this place.
 F = Levels seen in this place.
 G = Mean time per level.
                   A        B        C        D        E       F      G
               +--------+--------+--------+--------+--------+-----+--------+
         Total |   1215 |   1178 |     37 |      0 |    939 |   2 |  607.5 |
       Dungeon |   1215 |   1178 |     37 |      0 |    939 |   2 |  607.5 |
               +--------+--------+--------+--------+--------+-----+--------+

Top non-repeatable levels by time:
     D:1: 1133 daAuts
     D:2: 82 daAuts
